Map: Central Protocol

Players

LeMorse

  • Race: Protoss Protoss
  • League: Master

Mihai - Winner!

  • Race: Terran Terran
  • League: Master

VOD

Have the link to the VOD?

Description

Time

  • Played on: Dec. 9, 2015, 7 p.m.
  • Length: 6:07
Show
View Real Time Build Order
Export as new Build Order

LeMorse Protoss 

Build Orders:  

Get SALT Encoding   

  12  0:01  Probe (Chrono Boost)  
  13  0:11  Probe (Chrono Boost)  
  14  0:17  Pylon  
  14  0:22  Probe (Chrono Boost)  
  16  0:36  Probe (Chrono Boost)  
  16  0:38  Gateway  
  16  0:46  Probe (Chrono Boost)  
  16  0:49  Assimilator  
  17  0:54  Assimilator  
  18  0:57  Probe (Chrono Boost)  
  18  1:08  Probe (Chrono Boost)  
  19  1:15  Gateway  
  19  1:18  Probe (Chrono Boost)  
  20  1:25  Cybernetics Core  
  20  1:29  Probe (Chrono Boost)  
  22  1:40  Probe (Chrono Boost)  
  22  1:45  Pylon  
  22  1:50  Probe (Chrono Boost)  
  23  2:03  Stalker x2, Warp Gate (Chrono Boost)  
  23  2:05  Probe  
  27  2:31  Pylon  
  27  2:33  Stalker x2  
  31  3:02  Stalker  
  31  3:03  Stargate  
  31  3:04  Gateway  
  33  3:46  Forge  
  33  3:47  Void Ray (Chrono Boost)  
  37  3:56  Pylon  
  35  4:18  Stalker x3  
  39  4:28  Void Ray (Chrono Boost)  
  39  4:38  Gateway  
  39  4:49  Stalker x3  
  37  5:12  Adept  
  39  5:14  Gateway  
  39  5:15  Gateway  
  39  5:20  Probe  
  15  5:33  Probe  
Show
View Real Time Build Order
Export as new Build Order

Mihai Terran - Winner!

Build Orders:  

Get SALT Encoding   

  12  0:01  SCV  
  13  0:13  SCV  
  14  0:17  Supply Depot  
  14  0:25  SCV  
  15  0:39  SCV  
  15  0:41  Barracks  
  16  0:45  Refinery  
  16  0:51  SCV  
  17  1:03  SCV  
  18  1:15  SCV  
  19  1:19  Refinery  
  19  1:28  Orbital Command  
  19  1:29  Reaper  
  20  1:39  Barracks  
  20  1:42  Supply Depot  
  20  1:54  SCV  
  20  2:01  Factory  
  21  2:04  Barracks Reactor  
  21  2:06  SCV  
  22  2:18  SCV  
  22  2:20  Supply Depot  
  23  2:26  Barracks Reactor  
  24  2:41  Marine x2  
  25  2:44  Factory Tech Lab  
  25  2:45  Starport  
  25  2:54  Supply Depot  
  26  3:00  Marine  
  26  3:01  Marine  
  26  3:02  Marine  
  26  3:03  Marine  
  29  3:09  Siege Tank  
  32  3:24  Marine x4  
  32  3:26  Medivac  
  34  3:44  Siege Tank  
  34  3:47  Marine x3  
  40  3:49  Marine  
  40  3:55  Supply Depot  
  41  4:00  SCV  
  42  4:21  Marine  
  42  4:23  Marine x3  
  42  4:24  Siege Tank  
  49  4:39  Medivac, Marine  
  49  4:40  Marine  
  51  4:53  Marine  
  51  4:58  Marine x2  
  51  5:00  Cyclone  
  52  5:13  Marine x2  
  54  5:16  Marine  
  54  5:19  Viking  
  57  5:22  Marine  
  55  5:34  Reaper  
  55  5:40  Marine x2  
  55  5:43  Marine  
Tags
 
Add a new tag
Caveats
  • Supply blocks, unpowered buildings, or Contaminate may cause inaccurate times.
  • Supply counts are checked every 10 seconds.